 Dungeon Crawl Stone Soup version 0.20-a0-1040-gfd09691 (webtiles) character file.

1709 Multipenetrator the Nimble (level 8, -1/87 HPs)
             Began as a Demonspawn Gladiator on Apr 23, 2017.
             Was a Believer of Makhleb.
             Shot with a sling bullet by Joseph (11 damage)
             ... on level 7 of the Dungeon.
             The game lasted 01:09:11 (5780 turns).

Multipenetrator the Nimble (Demonspawn Gladiator)   Turns: 5780, Time: 01:09:12

Health: -1/87      AC: 24    Str: 20    XL:     8   Next: 74%
Magic:  19/19      EV:  2    Int: 10    God:    Makhleb [**....]
Gold:   274        SH:  0    Dex: 19    Spells: 7/7 levels left

rFire    . . .     SeeInvis .   B - +2 long sword (flame)
rCold    . . .     Gourm    .   (no shield)
rNeg     + + +     Faith    .   (armour currently unavailable)
rPois    +         Spirit   .   (helmet currently unavailable)
rElec    .         Reflect  .   (cloak currently unavailable)
rCorr    .         Harm     .   (gloves currently unavailable)
MR       .....     NoTele   +   (boots currently unavailable)
Stlth    ++........             (no amulet)
Regen    0.3/turn               F - ring of magical power
MPRegen  0.2/turn               E - +3 ring of dexterity

@: mighty, tree-form
A: demonic guardian 1, low mp 1
a: Minor Destruction, Renounce Religion


You were on level 7 of the Dungeon.
You worshipped Makhleb.
Makhleb was pleased with you.
You were not hungry.
You were a tree.
You visited 2 branches of the dungeon, and saw 11 of its levels.

You collected 274 gold pieces.

Inventory:

Hand Weapons
 B - a +2 long sword of flaming (weapon)
 G - a +3 whip
Missiles
 d - 3 throwing nets (quivered)
Armour
 a - a +4 chain mail
 c - a +3 leather armour (melded)
 j - a +0 pair of boots (melded)
Jewellery
 E - a +3 ring of dexterity (right branch)
 F - a ring of magical power (left branch)
Scrolls
 e - 6 scrolls of teleportation
 k - a scroll of immolation {unknown}
 m - 2 scrolls of blinking
 n - a scroll of noise
 q - 2 scrolls of remove curse
 t - a scroll of enchant armour
 u - a scroll of random uselessness {unknown}
 v - a scroll of enchant weapon
 x - 2 scrolls of recharging
 C - a scroll of amnesia
 D - 2 scrolls of magic mapping
Potions
 o - 2 potions of haste
 z - a potion of lignification
Comestibles
 b - 2 chunks of flesh
 f - 7 bread rations
 l - 4 meat rations
 r - 8 fruits


   Skills:
 + Level 3.3 Fighting
 + Level 5.1 Long Blades
 - Level 1.7 Throwing
 * Level 2.2 Armour
 + Level 12.0 Dodging
 - Level 0.4 Stealth
 + Level 4.3 Invocations


You had 7 spell levels left.
You didn't know any spells.

Dungeon Overview and Level Annotations

Branches:
Dungeon (10/15)            Temple (1/1) D:4
   Lair: D:8-11         Orc: D:9-12

Altars:
Ashenzari
Cheibriados
Dithmenos
Fedhas
Gozag
Kikubaaqudgha
Makhleb
Okawaru
Sif Muna
Trog
Uskayaw
The Shining One

Annotations:
D:7 Joseph
D:8 tilp's ghost, novice MiBe


Innate Abilities, Weirdness & Mutations

((You have a pair of small antennae on your head.))
((You are partially covered in molten scales. (AC +2)))
A weak demonic guardian rushes to your aid.
((You have a beak for a mouth.))
((Your flesh is cold resistant. (rC+)))
Your magical capacity is low. (-10% MP)


Message History

Joseph shoots a sling bullet.
The sling bullet hits you!
* * * LOW HITPOINT WARNING * * *
The sling bullet burns you.
* * * LOW HITPOINT WARNING * * *
As you read the scroll labeled GAATEQ NOAZEC, it crumbles to dust.
It is a scroll of amnesia.
You feel forgetful for a moment.
Joseph shoots a sling bullet.
The sling bullet hits you.
* * * LOW HITPOINT WARNING * * *
The sling bullet burns you.
* * * LOW HITPOINT WARNING * * *
You cannot move.
As you read the scroll labeled IQODDI JEINN, it crumbles to dust.
This is a scroll of acquirement! [a] Weapon [b] Armour [c] Jewellery [d] Book [e] Staff [f] Evocables [g] Food [h] Gold What kind of item would you like to acquire? (\ to view known items)
Something appears at your feet!
Joseph shoots a sling bullet.
The sling bullet hits you!
You die...

.. #.# #######. #. #.#
#....##. @ #. #.#
###.##.... .Z####.####.#
#.....###.
....$....##.###.###.###>
........(......># #.....
..?.....##.####.###.###.
..#####5##.# #.....###.
#.######♣##.######.####..
#$@...(............# #..
###########..............
#.......#...#####.$
#.###.(###..# #.. #.#
#.## ##... .#. #.# #..#
#..####.#. #.# #.#.#.#.#
#.#. #.# #.##.##.# #..s


You could see Joseph and a friendly shadow imp.

Vanquished Creatures
  Pikel (D:6)
  A slave (D:6)
  A centaur (D:7)
  A big kobold (D:6)
  3 bullfrogs
  A water moccasin zombie (D:7)
  2 scorpions (D:6)
  4 wights (D:7)
  The ghost of SushiGirl the Conjurer, a weakling DECj (D:3)
  A crimson imp (D:6)
  2 orc priests (D:6)
  4 worker ants
  3 orc wizards
  A hound zombie (D:5)
  A hound skeleton (D:7)
  5 adders
  An ooze (D:1)
  3 worms (D:2)
  A dart slug (D:4)
  3 leopard geckos
  15 orcs
  3 ball pythons
  6 giant cockroaches
  6 goblins
  5 hobgoblins
  8 jackals
  2 quokkas (D:2)
  6 bats
  A frilled lizard (D:4)
  A jackal zombie (D:6)
  14 kobolds
  A quokka skeleton (D:5)
  A quokka zombie (D:7)
  8 rats
117 creatures vanquished.

Vanquished Creatures (collateral kills)
  2 slaves (D:6)
2 creatures vanquished.

Vanquished Creatures (others)
  A bullfrog (D:6)
1 creature vanquished.

Grand Total: 120 creatures vanquished

Notes
Turn   | Place    | Note
-------+----------+-------------------------------------------
     0 | D:1      | Multipenetrator the Demonspawn Gladiator began the quest for the Orb.
     0 | D:1      | Reached XP level 1. HP: 16/16 MP: 1/1
   200 | D:1      | Gained mutation: You are partially covered in molten scales. (AC +2) [demonic ancestry]
   200 | D:1      | Reached XP level 2. HP: 20/22 MP: 2/2
   269 | D:1      | Reached skill level 3 in Dodging
   493 | D:2      | Reached XP level 3. HP: 20/27 MP: 3/3
  1075 | D:4      | Reached skill level 1 in Armour
  1075 | D:4      | Reached XP level 4. HP: 30/34 MP: 4/4
  1210 | D:5      | Entered Level 5 of the Dungeon
  1378 | D:5      | Found a deep blue altar of Sif Muna.
  1493 | D:5      | Found a glowing golden altar of the Shining One.
  1632 | D:4      | Found a staircase to the Ecumenical Temple.
  1647 | Temple   | Entered the Ecumenical Temple
  1655 | Temple   | Became a worshipper of Makhleb the Destroyer
  1724 | D:3      | Reached XP level 5. HP: 37/39 MP: 5/5
  1907 | D:2      | Found a hide-covered altar of Uskayaw.
  1910 | D:2      | Reached skill level 1 in Invocations
  2295 | D:2      | Reached * piety under Makhleb
  2843 | D:3      | Noticed SushiGirl's ghost (weakling DECj)
  2859 | D:3      | Killed SushiGirl's ghost
  3456 | D:5      | You fall through a shaft for 3 floors!
  3764 | D:9      | Gained mutation: You have a pair of small antennae on your head. [demonic ancestry]
  3764 | D:9      | Reached XP level 6. HP: 37/47 MP: 7/7
  3768 | D:9      | Reached skill level 11 in Dodging
  3768 | D:9      | Reached XP level 7. HP: 41/52 MP: 8/8
  3812 | D:9      | Found a hide-covered altar of Uskayaw.
  3839 | D:10     | Entered Level 10 of the Dungeon
  3851 | D:10     | Noticed a troll
  3863 | D:9      | Noticed a yak
  3999 | D:8      | Noticed a two-headed ogre
  4068 | D:8      | Noticed tilp's ghost (novice MiBe)
  4086 | D:8      | Noticed a hornet
  4518 | D:6      | Reached ** piety under Makhleb
  4622 | D:6      | Gained mutation: A weak demonic guardian rushes to your aid. [demonic ancestry]
  4622 | D:6      | Reached XP level 8. HP: 8/58 MP: 10/10
  4931 | D:6      | Found a shattered altar of Ashenzari.
  5052 | D:6      | Noticed Pikel
  5089 | D:6      | Killed Pikel
  5089 | D:6      | Reached skill level 5 in Long Blades
  5089 | D:6      | Reached skill level 12 in Dodging
  5726 | D:7      | Noticed Joseph
  5765 | D:7      | HP: 3/87 [Joseph/sling bullet (4)]
  5770 | D:7      | Gained mutation: You have a beak for a mouth. [potion of mutation]
  5770 | D:7      | Gained mutation: Your magical capacity is low. (-10% MP) [potion of mutation]
  5770 | D:7      | Gained mutation: Your flesh is cold resistant. (rC+) [potion of mutation]
  5780 | D:7      | Identified a scroll of acquirement
  5780 | D:7      | Shot with a sling bullet by Joseph

Vault maps used:
D:1:      lemuel_arrival_behind_the_door_small
D:2:      wad_crossroads, marbit_many_paths, hangedman_decor_slide_cut,
          st_stairs_1, moated_statue, solitary_fountain
D:4:      led_xom_imps, temple_pool_b, uniq_robin
D:5:      lemuel_coloured_pillars_altar, nicolae_tso_carved_into_rock,
          fiery_altar_vehumet, first_bread
D:6:      ashenzari_altar_1, uniq_pikel
D:7:      uniq_joseph
D:8:      amethyst_overflow_temple_binary, grunt_ogre_cave, uniq_maurice
D:9:      hiddenorc2_lemuel, serial_shops, nicolae_shop_stone, basic_altar
D:10:     serial_shops, nicolae_shop_overgrown_old_shop, uniq_fannar, uniq_sonja
Temple:   eino_temple_lava

Skill      XL: |  1  2  3  4  5  6  7  8 |
---------------+-------------------------+-----
Dodging        | 3 11 12 | 12.0
Long Blades    | 3 4 5 |  5.1
Armour         | 1 2 |  2.2
Invocations    | 2 3 4 |  4.3
Fighting       | 3 |  3.3
Throwing       | |  1.7
Stealth        | |  0.4

Action                   |  1- 3 |  4- 6 |  7- 9 || total
-------------------------+-------+-------+-------++-------
Melee: Long sword        |    85 |   162 |   156 ||   403
Invok: Minor Destruction |       |       |    51 ||    51
  Use: Scroll            |       |     6 |    14 ||    20
       Potion            |       |     1 |    11 ||    12
 Stab: Sleeping          |     1 |     2 |       ||     3
       Distracted        |     1 |       |       ||     1
  Eat: Chunk             |       |     6 |     3 ||     9
       Royal jelly       |       |     1 |       ||     1
       Meat ration       |       |       |     1 ||     1
Armor: Leather armour    |    26 |    78 |    60 ||   164
       Ring mail         |       |     2 |       ||     2
       Skin              |       |       |     1 ||     1
Dodge: Dodged            |    68 |   186 |   283 ||   537
       Rpst.: Long sword |    19 |    61 |    92 ||   172
